AoeStats
← WakoTabacco

Arena

508186418Analyzed
1v1 RM · 10d ago on Sep 21, 2026· 46m 21s· 2 players
Game mode
Random Map
Map size
Tiny (2 player)
Population
200
Speed
Normal
Resources
Standard
Victory
Conquest
Starting age
Dark Age
Ending age
Imperial Age
RankedLock teamsTeams togetherTeam positionsShared explorationLock speedFull tech treeHidden civsTurbo modeCheats
Victory
Defeat
🇸🇪 Poles · Sweden
1904
+11
🇦🇺 Cumans · Australia
1796
-11
WakoTabacco
8:27 Feudal Age
8:55 Double-Bit Axe
10:10 Horse Collar
18:48 Castle Age
17:13 Loom
18:02 Gold Mining
20:28 Bow Saw
20:38 Light Cavalry
24:03 Gold Shaft Mining
26:23 Imperial Age
25:55 Wheelbarrow
25:43 Heavy Plow
28:46 Two-Man Saw
28:19 Fletching
29:04 Bodkin Arrow
30:16 Ballistics
30:16 Bloodlines
31:07 Forging
30:35 Pikeman
31:38 Hand Cart
31:38 Scale Mail Armor
32:26 Halberdier
32:33 Halberdier
33:14 Squires
34:08 Chain Mail Armor
35:57 Iron Casting
37:30 Chemistry
39:15 Plate Mail Armor
39:46 Blast Furnace
41:10 Scale Barding Armor
41:02 Hussar
42:10 Chain Barding Armor
42:52 Masonry
addro94
10:53 Feudal Age
14:25 Castle Age
12:18 Double-Bit Axe
12:55 Horse Collar
15:21 Bow Saw
15:26 Heavy Plow
16:30 Loom
24:18 Bloodlines
24:09 Husbandry
27:37 Imperial Age
26:36 Bloodlines
26:27 Husbandry
27:40 Cavalier
28:33 Szlachta Privileges
28:13 Cavalier
29:05 Scale Barding Armor
29:42 Conscription
30:16 Chain Barding Armor
31:43 Forging
33:52 Iron Casting
35:30 Fletching
36:07 Bodkin Arrow
38:05 Bracer
38:49 Padded Archer Armor
39:37 Ballistics
40:19 Leather Archer Armor
40:18 Thumb Ring
40:39 Heavy Cavalry Archer
41:05 Loom
41:56 Wheelbarrow
44:49 Chemistry
46:07 Masonry
46:03 Siege Engineers
Connection lost

Rejoining the realm…

Still unreachable

The connection could not be restored.

Session expired

The server has moved on; the page needs a fresh start.